 Dungeon Crawl Stone Soup version 0.31-a0-948-gf5be29c462 (webtiles) character file.

Game seed: 2215712838965261145

91896 protoss039 the Warrior (level 15, 0/117 (129) HPs)
             Began as a Demonspawn Earth Elementalist on Oct 21, 2023.
             Was a High Priest of Vehumet.
             Slain by an emperor scorpion (10 damage)
             ... on level 1 of the Spider Nest.
             The game lasted 01:29:03 (28001 turns).

protoss039 the Warrior (DsEE)                      Turns: 28001, Time: 01:29:04

HP:   0/117 (129)   AC: 17    Str:  9    XL:     15   Next: 56%
MP:   23/31         EV: 10    Int: 37    God:    Vehumet [*****.]
Gold: 2403          SH: 15    Dex: 20    Spells: 11/39 levels left

rFire   x . .        f - +1 rapier of the Changing Big Fish {venom, rF- rC+ Will+ Int+5}
rCold   + . .        a - +0 kite shield
rNeg    . . .        G - +0 acid dragon scales
rPois   .            (helmet restricted)
rElec   .            E - +0 cloak
rCorr   +            j - +0 pair of gloves of Monotheism {Int+3 Dex+6}
SInv    +            c - +2 pair of boots
Will    ++...        u - amulet of reflection
Stlth   ++           k - +6 ring of intelligence
HPRegen 3.39/turn    C - ring of see invisible
MPRegen 0.22/turn

%: reflection
@: swift, very slightly contaminated, slowed, drained
A: horns 1, molten scales 2, ignite blood 1, powered by death 3
a: Renounce Religion


You were on level 1 of the Spider Nest.
You worshipped Vehumet.
Vehumet was extremely pleased with you.
You visited 4 branches of the dungeon, and saw 22 of its levels.
You visited the Abyss 1 time.
You also visited: Bailey.

You collected 2769 gold pieces.
You spent 366 gold pieces at shops.

Inventory:

Hand Weapons
 f - the +1 rapier of the Changing Big Fish (weapon) {venom, rF- rC+ Will+ Int+5}
   (You found it on level 4 of the Dungeon)

   Int+5:     It affects your intelligence (+5).
   rF-:       It makes you vulnerable to fire.
   rC+:       It protects you from cold.
   Will+:     It increases your willpower.
 L - a +2 short sword of distortion
 W - the +9 war axe of Gaonuj {flame, Str+2 Dex+3}
   (You took it off a vault guard on level 14 of the Dungeon)

   Str+2:     It affects your strength (+2).
   Dex+3:     It affects your dexterity (+3).
Missiles
 H - 2 throwing nets
Armour
 a - a +0 kite shield (worn)
 c - a +2 pair of boots (worn)
 j - the +0 pair of gloves of Monotheism (worn) {Int+3 Dex+6}
   (You acquired it in a bailey)

   Int+3:     It affects your intelligence (+3).
   Dex+6:     It affects your dexterity (+6).
 l - a +3 leather armour of willpower
 E - a +0 cloak (worn)
 F - a +2 robe of fire resistance
 G - +0 acid dragon scales (worn)
 X - a +0 leather armour of fire resistance
Jewellery
 k - a +6 ring of intelligence (left hand)
 r - a ring of poison resistance
 u - an amulet of reflection (around neck)
 y - a ring of wizardry
 C - a ring of see invisible (right hand)
 N - a ring of positive energy
 P - a +6 ring of intelligence
Wands
 o - a wand of charming (27)
 p - a wand of acid (22)
 w - a wand of flame (32)
 x - a wand of iceblast (2)
 U - a wand of digging (6)
Scrolls
 h - a scroll of blinking
 i - 3 scrolls of fog
 s - a scroll of identify
 z - 2 scrolls of revelation
 B - a scroll of immolation
 D - a scroll of brand weapon
 K - 3 scrolls of teleportation
 M - 3 scrolls of torment
 R - 2 scrolls of poison
 T - a scroll of fear
 V - a scroll of summoning
Potions
 b - a potion of magic
 d - 13 potions of ambrosia
 g - 10 potions of curing
 m - 6 potions of might
 n - 4 potions of enlightenment
 q - 2 potions of haste
 t - 6 potions of heal wounds
 A - 3 potions of brilliance
 I - 4 potions of mutation
 J - 3 potions of lignification
 O - a potion of cancellation {unknown}
 Q - a potion of invisibility {unknown}
 Y - a potion of resistance
Miscellaneous
 S - a phantom mirror


   Skills:
 - Level 15.0 Fighting
 - Level 6.0 Short Blades
 - Level 9.0 Armour
 - Level 3.0 Dodging
 - Level 3.0 Stealth
 * Level 4.9 Shields
 + Level 12.8 Spellcasting
 * Level 10.2 Conjurations
 - Level 3.0 Transmutations
 - Level 3.0 Air Magic
 + Level 9.3 Earth Magic
 - Level 3.0 Evocations


You had 11 spell levels left.
You knew the following spells:

 Your Spells              Type           Power      Damage    Failure   Level
a - Sandblast             Erth           100%       2d20      1%          1
b - Passwall              Tmut/Erth      51%        N/A       1%          2
c - Stone Arrow           Conj/Erth      100%       3d13      1%          3
d - Swiftness             Air            45%        N/A       10%         3
e - Arcjolt               Conj/Air       32%        1d42      5%          5
f - Inner Flame           Hex/Fire       23%        N/A       9%          3
g - Irradiate             Conj/Tmut      32%        3d22      5%          5
j - Bombard               Conj/Erth      38%        9d7       9%          6

Your spell library contained the following spells:

 Spells                   Type           Power      Damage    Failure   Level
 Foxfire                  Conj/Fire      100%       2x1d9     1%          1
 Shock                    Conj/Air       100%       1d9       1%          1
 Static Discharge         Conj/Air       100%       3-8/arc   1%          2
 Brom's Barrelling Bould  Conj/Erth      77%        2d9       1%          4
 Freeze                   Ice            92%        1d9       3%          1
 Wereblood                Tmut           45%        N/A       4%          2
 Flame Wave               Conj/Fire      57%        2d14      4%          4
 Sticky Flame             Conj/Fire      57%        2d7       4%          4
 Airstrike                Air            22%        2d(4-20)  9%          4
 Petrify                  Tmut/Erth      62%        N/A       9%          4
 Animate Armour           Summ/Erth      100%       N/A       16%         4
 Yara's Violent Unravell  Hex/Tmut       17%        3d8       38%         5
 Starburst                Conj/Fire      28%        6d9       45%         6
 Plasma Beam              Fire/Air       17%        2x1d28    89%         6
 Lehudib's Crystal Spear  Conj/Erth      38%        10d10     95%         8
 Metabolic Englaciation   Hex/Ice        11%        N/A       97%         5
 Enfeeble                 Hex            11%        N/A       100%        7


Dungeon Overview and Level Annotations

Branches:
Dungeon (15/15) Zot: 25237  Temple (1/1) D:4 Zot: 5853    Lair (5/5) D:9 Zot: 22253
 Shoals (0/4) Lair:2       Spider (1/4) Lair:3 Zot: 5991   Slime (0/5) Lair:4
    Orc (0/2) D:11         Vaults (0/5) D:14         Depths (0/4) D:15
 Bailey (visited)

Altars:
Ashenzari
Cheibriados
Dithmenos
Fedhas
Gozag
Hepliaklqana
Kikubaaqudgha
Makhleb
Nemelex Xobeh
Okawaru
Qazlal
Ru
Sif Muna
Trog
Uskayaw
Vehumet
Wu Jian
Xom
Yredelemnul

Shops:
D:5 !   D:12 *

Annotations:
D:3 exclusion: ogre
D:5 2 transporters, Vorhees's ghost, amateur OpSh
D:7 1 exclusion
D:9 2 runed translucent doors, Error4North's ghost, novice DrSh
D:10 6 exclusions
D:14 Roxanne


Innate Abilities, Weirdness & Mutations

You have a pair of small horns on your head.
You are mostly covered in molten scales. (AC +3)
Your demonic aura sometimes causes spilled blood to erupt in flames.
You regenerate a lot of health from kills.


Message History

Unknown command.
Unknown command.
Unknown command.
Casting: Arcjolt (dangerous; 5% risk of failure)
Confirm with . or Enter, or press ? or * to list all spells.
You miscast Arcjolt.
You are very lightly contaminated with residual magic.
The air around you crackles with energy.
The pharaoh ant bites you!!
You feel drained.
The culicivora bites you but does no damage.
The emperor scorpion barely misses you.
The emperor scorpion claws you but does no damage. x2
The moth of wrath goads the emperor scorpion on!
The emperor scorpion goes berserk!
The culicivora chitters at the culicivora.
The culicivora is healed somewhat.
The culicivora chitters at the culicivora.
The culicivora is healed somewhat.
Being near the torpor snail leaves you feeling lethargic.
You block the pharaoh ant's attack.
Unknown command.
Unknown command.
Unknown command.
Unknown command.
Unknown command.
You block the emperor scorpion's attack.
The emperor scorpion claws you. x2; The culicivora barely misses you.
The culicivora chitters at the culicivora.
The culicivora is healed somewhat.
The culicivora chitters at the culicivora.
The culicivora's wounds heal themselves!
The jumping spider leaps!
The moth of wrath goads the culicivora on!
The culicivora goes berserk!
The moth of wrath goads the culicivora on!
The culicivora goes berserk!
The emperor scorpion stings you!!
* * * LOW HITPOINT WARNING * * *
The emperor scorpion claws you but does no damage.
The emperor scorpion claws you!
You die...

... ......
.. ...... w.
...○.. #
~##......
##..........
.~#y.....$#
#sss.....#
#@BB.#
##ss.# s..#
...~~
....#~#
.....~.
....##.
....#


You could see an emperor scorpion (berserk), an entropy weaver, a torpor snail,
a moth of wrath, 5 culicivoras and a pharaoh ant.

Vanquished Creatures
  A spark wasp (Lair:3)
  An ettin (shapeshifter) (D:14)
  A fire dragon (Lair:5)
  Harold (D:9)
  4 vault guards
  5 hydras
  Erolcha (D:9)
  A rakshasa (D:15)
  A catoblepas (Lair:4)
  9 centaur warriors
  3 death yaks (Lair:5)
  A two-headed ogre (D:12)
  Erica (D:8)
  3 boulder beetles
  4 tengu warriors
  2 occultists (D:15)
  An orc high priest (Bailey)
  Sonja (D:10)
  11 skeletal warriors
  A swamp dragon (Lair:5)
  3 lindwurms
  A necromancer (D:15)
  4 deep elf pyromancers
  An orc knight (Bailey)
  7 ugly things
  A wolf spider (Lair:3)
  2 orc sorcerers
  5 manticores
  4 cyclopes
  A cyclops (shapeshifter) (D:14)
  9 elephants
  A worldbinder (D:15)
  Maurice (D:11)
  4 black mambas
  13 cane toads
  5 gargoyles
  A centaur skeleton (D:15)
  2 unseen horrors (D:12)
  6 rime drakes (Lair:5)
  Maggie (D:8)
  5 kobold demonologists
  2 tengu conjurers
  12 komodo dragons
  2 polar bears
  5 trolls
  A wolf spider simulacrum (D:15)
  2 tarantellas
  Prince Ribbit (D:9)
  A hornet (D:10)
  3 dream sheep
  29 blink frogs
  2 slime creatures
  3 centaur simulacra (D:15)
  A culicivora (Spider:1)
  A spriggan (shapeshifter) (D:14)
  2 shadows
  5 wraiths
  A spriggan (Lair:2)
  4 vampires
  43 yaks
  7 basilisks
  3 wyverns
  A hog (shapeshifter) (D:12)
  5 vampire mosquitoes
  A steam dragon (D:7)
  Eustachio (D:5)
  A redback (Spider:1)
  Grum (D:8)
  Menkaure (D:4)
  4 acid dragons
  10 water moccasins
  A hornet zombie (D:15)
  An ice beast (D:7)
  3 black bears
  2 swamp drakes (Lair:5)
  17 orc warriors
  23 wolves
  13 centaurs
  2 phantoms (D:5)
  4 kobold brigands
  10 bullfrogs
  A gnoll sergeant (D:11)
  31 killer bees
  8 howler monkeys
  3 electric eels
  2 gnoll boudas
  7 orc priests
  Crazy Yiuf (D:7)
  A hound (D:5)
  5 jellies
  3 sleepcaps
  Ijyb (D:5)
  11 orc wizards
  Natasha (thrice) (D:3)
  13 iguanas
  5 hell rats (Lair:3)
  A boggart skeleton (D:15)
  17 gnolls
  7 adders
  7 river rats (Lair:3)
  3 dart slugs
  48 orcs
  4 endoplasms
  3 giant cockroaches (D:2)
  15 hobgoblins
  20 kobolds
  A quokka (D:1)
  2 ball pythons
  5 bats
  3 frilled lizards
  22 goblins
  7 rats
621 creatures vanquished.

Vanquished Creatures (collateral kills)
  A two-headed ogre (D:11)
  3 killer bees (D:10)
4 creatures vanquished.

Vanquished Creatures (others)
  A queen bee (D:10)
  A killer bee (D:8)
  An orc wizard (D:9)
3 creatures vanquished.

Grand Total: 628 creatures vanquished

Notes
Turn   | Place    | Note
-------+----------+-------------------------------------------
     0 | D:1      | protoss039 the Demonspawn Earth Elementalist began the
                  | quest for the Orb.
     0 | D:1      | Reached XP level 1. HP: 13/13 MP: 3/3
    46 | D:1      | Found a faded altar of an unknown god.
   376 | D:1      | Gained mutation: You regenerate a little health from kills.
                  | [demonic ancestry]
   376 | D:1      | Reached XP level 2. HP: 20/20 MP: 1/5
   478 | D:1      | Reached skill level 1 in Fighting
   661 | D:1      | Learned a level 2 spell: Passwall
   966 | D:2      | Gained mutation: You regenerate health from kills. [demonic
                  | ancestry]
   966 | D:2      | Reached XP level 3. HP: 24/26 MP: 2/6
  1073 | D:2      | Learned a level 3 spell: Stone Arrow
  1773 | D:2      | Reached skill level 1 in Transmutations
  1834 | D:3      | Reached skill level 1 in Conjurations
  1836 | D:3      | Reached XP level 4. HP: 33/33 MP: 2/7
  2221 | D:3      | Noticed Natasha
  2226 | D:3      | Killed Natasha
  2227 | D:3      | Reached skill level 1 in Armour
  2294 | D:3      | Noticed an ogre
  2360 | D:3      | Noticed Natasha
  2364 | D:3      | Killed Natasha
  2365 | D:3      | Reached skill level 2 in Fighting
  2461 | D:3      | Noticed a kobold brigand
  2464 | D:3      | Killed a kobold brigand
  2465 | D:3      | Gained mutation: You regenerate a lot of health from kills.
                  | [demonic ancestry]
  2465 | D:3      | Reached XP level 5. HP: 31/38 MP: 3/9
  2804 | D:3      | Noticed Natasha
  2807 | D:3      | Killed Natasha
  3157 | D:4      | Gained mutation: You are partially covered in molten
                  | scales. (AC +2) [demonic ancestry]
  3157 | D:4      | Reached XP level 6. HP: 42/46 MP: 5/10
  3507 | D:4      | Found a staircase to the Ecumenical Temple.
  3523 | Temple   | Entered the Ecumenical Temple
  3596 | Temple   | Became a worshipper of Vehumet
  3673 | D:4      | Noticed Menkaure
  3677 | D:4      | Killed Menkaure
  3678 | D:4      | Reached skill level 3 in Fighting
  3678 | D:4      | Gained mutation: Your demonic aura sometimes causes spilled
                  | blood to erupt in flames. [demonic ancestry]
  3678 | D:4      | Reached XP level 7. HP: 52/52 MP: 2/12
  3896 | D:4      | Identified the +1 rapier of the Changing Big Fish {venom,
                  | rF- rC+ Will+ Int+5}
  4077 | D:5      | Entered Level 5 of the Dungeon
  4134 | D:5      | Noticed Ijyb
  4148 | D:5      | Killed Ijyb
  4484 | D:5      | Reached skill level 1 in Short Blades
  4524 | D:5      | Noticed Vorhees's ghost (amateur OpSh)
  4525 | D:5      | Found a transporter.
  4525 | D:5      | Noticed a yak
  4536 | D:5      | Found a transporter.
  4551 | D:5      | Reached XP level 8. HP: 60/60 MP: 3/13
  4868 | D:5      | Found Otadd's Distillery.
  4876 | D:5      | Bought a potion of heal wounds for 55 gold pieces
  4876 | D:5      | Bought a potion of degeneration for 11 gold pieces
  4979 | D:5      | Noticed Eustachio
  4981 | D:5      | Upgraded the game from 0.31-a0-940-gdaa99269f9 to
                  | 0.31-a0-948-gf5be29c462
  5041 | D:5      | Killed Eustachio
  5042 | D:5      | Reached skill level 4 in Fighting
  5354 | D:5      | Found a transporter.
  5434 | D:5      | Found Otadd's Distillery.
  7121 | D:7      | Reached skill level 5 in Fighting
  7122 | D:7      | Reached * piety under Vehumet
  7122 | D:7      | Offered knowledge of Freeze by Vehumet.
  7155 | D:7      | Reached XP level 9. HP: 68/68 MP: 1/15
  7284 | D:7      | Found an ancient bone altar of Kikubaaqudgha.
  7357 | D:7      | Reached skill level 5 in Armour
  7608 | D:7      | Reached skill level 5 in Earth Magic
  7674 | D:7      | Found a runed translucent door.
  7675 | D:7      | Noticed Crazy Yiuf
  8221 | D:7      | Killed Crazy Yiuf
  8231 | D:7      | Identified the +8 hammer of Yqaxteos {holy, Will+ Str+3}
  8283 | D:8      | Noticed Maggie
  8418 | D:8      | Noticed Grum
  8437 | D:8      | Reached skill level 6 in Fighting
  8526 | D:8      | Found a basalt altar of Yredelemnul.
  8685 | D:8      | Reached skill level 5 in Spellcasting
  8686 | D:8      | Killed Grum
  8753 | D:8      | Found a shadowy altar of Dithmenos.
  8768 | D:8      | Noticed Erica
  8775 | D:8      | Killed Erica
  8776 | D:8      | Reached skill level 5 in Conjurations
  8776 | D:8      | Gained mutation: You have a pair of small horns on your
                  | head. [demonic ancestry]
  8776 | D:8      | Reached XP level 10. HP: 77/77 MP: 7/17
  8815 | D:8      | Killed Maggie
  8816 | D:8      | Reached skill level 7 in Fighting
  8839 | D:8      | Found a flagged portal.
  8851 | D:8      | Offered knowledge of Kiss of Death by Vehumet.
  8859 | Bailey   | Entered a bailey
  8941 | Bailey   | Reached ** piety under Vehumet
  9090 | Bailey   | Reached skill level 1 in Evocations
  9162 | Bailey   | Offered knowledge of Static Discharge by Vehumet.
  9166 | Bailey   | Learned a level 2 spell: Static Discharge
  9334 | Bailey   | Noticed an orc knight
  9350 | Bailey   | Killed an orc knight
  9575 | Bailey   | Identified the of Gucif (You acquired it in a bailey)
  9575 | Bailey   | Acquired the +0 pair of gloves of Monotheism {Int+3 Dex+6}
  9586 | Bailey   | Learned a level 3 spell: Swiftness
  9622 | Bailey   | Found an iron altar of Okawaru.
  9622 | Bailey   | Noticed an orc sorcerer
  9622 | Bailey   | Noticed an orc high priest
  9626 | Bailey   | Noticed an orange demon
  9626 | Bailey   | Killed an orc high priest
  9627 | Bailey   | Reached skill level 8 in Fighting
  9632 | Bailey   | Killed an orc sorcerer
  9633 | Bailey   | Reached skill level 1 in Air Magic
  9824 | D:8      | Identified the "Sex Vakecs" (You acquired it on level 8 of
                  | the Dungeon)
  9824 | D:8      | Acquired 934 gold pieces
 10184 | D:9      | Reached *** piety under Vehumet
 10338 | D:9      | Found a hide-covered altar of Uskayaw.
 10407 | D:9      | Reached skill level 9 in Fighting
 10414 | D:9      | Reached XP level 11. HP: 89/89 MP: 6/20
 10514 | D:9      | Noticed Harold
 10533 | D:9      | Noticed Prince Ribbit
 10538 | D:9      | Killed Prince Ribbit
 10609 | D:9      | Found a large runed translucent door.
 10609 | D:9      | Found a large runed translucent door.
 10681 | D:9      | Noticed Error4North's ghost (novice DrSh)
 10761 | D:9      | Noticed Erolcha
 10766 | D:9      | Killed Erolcha
 10776 | D:9      | Offered knowledge of Inner Flame by Vehumet.
 10903 | D:9      | Found a staircase to the Lair.
 11413 | D:9      | Killed Harold
 11414 | D:9      | Reached skill level 10 in Fighting
 11943 | D:9      | Learned a level 3 spell: Inner Flame
 11949 | D:9      | Learned a level 5 spell: Irradiate
 11950 | D:10     | Entered Level 10 of the Dungeon
 12338 | D:10     | Reached **** piety under Vehumet
 12679 | D:10     | Offered knowledge of Arcjolt by Vehumet.
 12719 | D:10     | Reached skill level 11 in Fighting
 12838 | D:10     | Noticed Sonja
 12841 | D:10     | Killed Sonja
 12879 | D:11     | Identified the of Xinunwoa
 12879 | D:11     | Noticed a skeletal warrior
 12879 | D:11     | Noticed a skeletal warrior
 12879 | D:11     | Noticed a skeletal warrior
 12879 | D:11     | Noticed a skeletal warrior
 12897 | D:11     | Noticed a centaur warrior
 13119 | D:11     | Killed a centaur warrior
 13126 | D:10     | Reached skill level 12 in Fighting
 13207 | Lair:1   | Entered Level 1 of the Lair of Beasts
 13219 | Lair:1   | Gained mutation: You are mostly covered in molten scales.
                  | (AC +3) [demonic ancestry]
 13219 | Lair:1   | Reached XP level 12. HP: 102/102 MP: 19/24
 13529 | Lair:1   | Learned a level 5 spell: Arcjolt
 13638 | Lair:1   | Reached ***** piety under Vehumet
 13849 | Lair:1   | Offered knowledge of Iskenderun's Battlesphere by Vehumet.
 14238 | Lair:2   | Noticed a four-headed hydra
 14243 | Lair:2   | Killed a four-headed hydra
 14676 | Lair:2   | Noticed a boulder beetle
 14682 | Lair:2   | Killed a boulder beetle
 14749 | Lair:2   | Found a staircase to the Shoals.
 15091 | Lair:2   | Reached skill level 13 in Fighting
 15951 | Lair:3   | Found a hole to the Spider Nest.
 16960 | Lair:4   | Noticed a catoblepas
 16966 | Lair:4   | Killed a catoblepas
 16967 | Lair:4   | Reached XP level 13. HP: 103/111 MP: 13/26
 17100 | Lair:4   | Offered knowledge of Starburst by Vehumet.
 17219 | Lair:4   | Found a staircase to the Slime Pits.
 17321 | Lair:4   | Reached skill level 10 in Spellcasting
 18029 | Gauntlet | Identified the of Bilep
 18029 | Lair:5   | Entered Level 5 of the Lair of Beasts
 18299 | Lair:5   | Found a gate leading to a gauntlet.
 18414 | Lair:5   | Offered knowledge of Eringya's Noxious Bog by Vehumet.
 19160 | Lair:5   | Reached skill level 5 in Short Blades
 19174 | Lair:5   | Reached skill level 14 in Fighting
 19310 | Lair:5   | Reached XP level 14. HP: 65/120 MP: 12/29
 20518 | D:11     | Noticed Maurice
 20648 | D:11     | Killed Maurice
 20785 | D:11     | Found a staircase to the Orcish Mines.
 21678 | D:12     | Found Nyseept's General Store.
 21683 | D:12     | Bought a scroll of poison for 48 gold pieces
 21683 | D:12     | Bought a wand of acid (5) for 252 gold pieces
 23278 | D:13     | Reached skill level 1 in Shields
 24076 | D:14     | Reached XP level 15. HP: 119/127 MP: 19/31
 24985 | D:14     | Found a gate to the Vaults.
 25226 | D:14     | Identified the +1 battleaxe "Zaitoil" {flame, rC- Str-2
                  | SInv Stlth+}
 25236 | D:14     | Identified the +9 war axe of Gaonuj {flame, Str+2 Dex+3}
 25448 | D:14     | Noticed Roxanne
 25719 | D:15     | Entered Level 15 of the Dungeon
 25722 | D:15     | Offered knowledge of Bombard by Vehumet.
 25730 | D:15     | Learned a level 6 spell: Bombard
 25925 | Abyss:2  | Cast into level 2 of the Abyss (an occultist)
 25957 | Abyss:2  | Found a corrupted altar of Lugonu.
 25981 | Abyss:2  | Found a corrupted altar of Lugonu.
 25987 | D:15     | Escaped the Abyss
 26388 | D:15     | Reached skill level 15 in Fighting
 26536 | D:15     | Found a broken altar of Ashenzari.
 27001 | D:15     | Reached skill level 10 in Conjurations
 27259 | D:15     | Found a staircase to the Depths.
 27644 | Spider:1 | Entered Level 1 of the Spider Nest
 27644 | Spider:1 | Noticed an emperor scorpion
 28001 | Spider:1 | Slain by an emperor scorpion

Illustrated notes

Levels and vault maps discovered:
D:1:      dpeg_arrival_ternary, layout_basic,
          hellmonk_ecumenical_altar_arch_garden
D:2:      layout_loops_ring, grunt_ministairs_5
D:3:      layout_basic, uniq_natasha
D:4:      nicolae_cairo_tiling_very_big, layout_basic,
          minmay_temple_entry_offerings, uniq_menkaure
D:5:      layout_basic, gammafunk_ghost_arena, serial_shops, shop, minmay_holes,
          uniq_ijyb, uniq_eustachio
D:6:      layout_basic, zin_academy
D:7:      layout_basic, mainiacjoe_overflow_surrounded_room, minivault_24,
          serial_bayou_lagoon_a, uniq_crazy_yiuf_cottage
D:8:      layout_basic, general_overflow_altar, grunt_dithmenos_smoke,
          lightli_bailey_entry_fortress, dreamdust_gnoll_shepherd, uniq_maggie,
          uniq_grum, uniq_erica
D:9:      layout_basic, mainiacjoe_overflow_small_starburst, lair_entry_dummy,
          ebering_ghost_disaster_area, water_maze_lemuel, uniq_harold,
          uniq_prince_ribbit1, uniq_erolcha
D:10:     layout_roguey [special_room_bee], minmay_door_square, uniq_sonja
D:11:     layout_cross, david_orc_3, serial_column_ruins,
          column_ruins_open_small, column_ruins_grid_1, column_ruins_open_tiny,
          column_ruins_grid_1, column_ruins_corridor_corner,
          column_ruins_open_small_water, serial_bayou_pond_a,
          minmay_joined_circles, uniq_maurice
D:12:     minmay_the_grid_plus [minmay_the_grid_broken_lines,
          minmay_the_grid_doors, minmay_the_grid_small_cups,
          minmay_the_grid_minigrid_large, minmay_the_grid_prize_big_room],
          layout_cave_pods, serial_shops, shop, elyvilon_altar_4
D:13:     layout_roguey
D:14:     layout_roguey, lightli_vaults_fourway_checkpoint, bh_walls_and_bars,
          uniq_roxanne
D:15:     grunt_enter_depths_magical_seal, layout_irregular_city,
          nicolae_ashenzari_skybound
Temple:   minmay_temple_bridge_d
Lair:1:   layout_cave_pods, infiniplex_staircase_pool
Lair:2:   layout_regular_city, shoals_dummy_entry, grunt_forest_stairs_clearing
Lair:3:   layout_long_grid, spider_nest_entry_rubble, kennysheep_abandoned_house
Lair:4:   layout_loops_ring, slime_entry_1, serial_bayou_pond_c
Lair:5:   hangedman_lair_in_review, layout_long_grid, guppyfry_lair_end_dragon,
          gauntlet_entry_generic
Spider:1: layout_spider_delve, nicolae_spider_swamp_cousins

Skill      XL: |  1  2  3  4  5  6  7  8  9 10 11 12 13 14 15 |
---------------+----------------------------------------------+-----
Fighting       | 1 2 3 5 6 9 12 13 14 15 | 15.0
Earth Magic    | 3 4 5 6 7 8 9 |  9.3
Transmutations | 1 3 |  3.0
Conjurations   | 1 2 3 4 5 6 8 9 10 | 10.2
Armour         | 1 2 3 4 6 7 8 9 |  9.0
Spellcasting   | 3 4 5 6 8 9 11 12 | 12.8
Dodging        | 2 3 |  3.0
Short Blades   | 1 2 3 5 6 |  6.0
Stealth        | 2 3 |  3.0
Evocations     | 3 |  3.0
Air Magic      | 2 3 |  3.0
Shields        | 2 4 |  4.9

Action                     |  1- 3 |  4- 6 |  7- 9 | 10-12 | 13-15 || total
---------------------------+-------+-------+-------+-------+-------++-------
  Melee: Dagger            |       |     3 |       |       |       ||     3
         Falchion          |       |    11 |       |       |       ||    11
         Rapier            |       |       |    32 |   302 |   114 ||   448
         Headbutt          |       |       |       |    73 |    34 ||   107
         Punch             |       |       |       |     3 |     1 ||     4
         Scimitar          |       |       |       |       |     9 ||     9
   Cast: Sandblast         |    58 |    64 |    62 |    33 |    35 ||   252
         Stone Arrow       |       |    10 |    75 |   185 |   411 ||   681
         Passwall          |       |       |       |     3 |    15 ||    18
         Static Discharge  |       |       |       |     2 |       ||     2
         Irradiate         |       |       |       |     2 |       ||     2
         Arcjolt           |       |       |       |    28 |    44 ||    72
         Inner Flame       |       |       |       |     5 |     8 ||    13
         Bombard           |       |       |       |       |    13 ||    13
         Swiftness         |       |       |       |       |     1 ||     1
  Evoke: Wand              |       |     1 |     7 |    19 |    22 ||    49
    Use: Scroll            |     3 |     2 |     3 |    16 |    17 ||    41
         Potion            |       |     3 |       |       |     1 ||     4
   Stab: Sleeping          |       |       |     1 |     1 |     1 ||     3
 Armour: Robe              |     4 |       |       |       |    79 ||    83
         Leather armour    |     5 |    52 |    70 |   248 |   232 ||   607
         Acid dragon scale |       |       |       |       |    23 ||    23
  Dodge: Dodged            |    15 |    34 |    60 |   264 |   206 ||   579
  Block: Other             |       |       |    13 |   117 |    46 ||   176
         Reflection        |       |       |     1 |     4 |    23 ||    28
         Buckler           |       |       |       |       |    39 ||    39
         Kite shield       |       |       |       |       |    70 ||    70

Table legend: (Time is in decaauts)
 A = Elapsed time spent in this place.
 B = Non-inter-level travel time spent in this place.
 C = Inter-level travel time spent in this place.
 D = Time resting spent in this place.
 E = Time spent auto-exploring this place.
 F = Levels seen in this place.
 G = Mean time per level.
                   A        B        C        D        E       F      G
               +--------+--------+--------+--------+--------+-----+--------+
         Total |  28205 |  26749 |   1456 |   5985 |  14571 |  24 | 1175.2 |
       Dungeon |  19268 |  18428 |    840 |   3869 |  10164 |  15 | 1284.5 |
        Temple |    146 |      2 |    144 |      0 |      0 |   1 |  146.0 |
          Lair |   7746 |   7275 |    471 |   1646 |   4407 |   5 | 1549.2 |
   Spider Nest |      7 |      7 |      0 |      0 |      0 |   1 |    7.0 |
         Abyss |     59 |     59 |      0 |      0 |      0 |   1 |   59.0 |
        Bailey |    977 |    977 |      0 |    470 |      0 |   1 |  977.0 |
               +--------+--------+--------+--------+--------+-----+--------+

Top non-repeatable levels by time:
  Lair:5: 2215 daAuts
     D:9: 2065 daAuts
  Lair:3: 1926 daAuts
    D:12: 1856 daAuts
     D:7: 1654 daAuts
    D:15: 1506 daAuts
     D:5: 1499 daAuts
    D:14: 1428 daAuts
    D:10: 1361 daAuts
  Lair:2: 1360 daAuts
     D:2: 1265 daAuts
    D:13: 1233 daAuts
     D:6: 1228 daAuts
  Lair:4: 1165 daAuts
  Lair:1: 1078 daAuts
